 Dungeon Crawl Stone Soup version 0.17.2-1-ge4368a0 (webtiles) character file.

155221 Goblin1989 the Acrobat (level 16, -10/93 HPs)
             Began as a Spriggan Berserker on Nov 7, 2016.
             Was the Champion of Trog.
             Killed from afar by Aizul (22 damage)
             ... with a poison arrow
             ... on level 2 of the Snake Pit on Nov 8, 2016.
             The game lasted 02:30:58 (34972 turns).

Goblin1989 the Acrobat (Spriggan Berserker)        Turns: 34972, Time: 02:31:00

Health: -10/93     AC:  6    Str: 13    XL:     16   Next: 80%
Magic:  21/21      EV: 41    Int: 10    God:    Trog [******]
Gold:   1536       SH: 10    Dex: 25    Spells: 0 memorised, 15 levels left

rFire  . . .     SeeInvis +     b - +10 hunting sling "Eroxtuuss" {venom, Dex+4}
rCold  + + +     Clarity  .     u - +1 robe of Dithmenos's Envy {rElec rC+}
rNeg   + . .     SustAt   .     U - +1 buckler {rC+}
rPois  +         Gourm    .     P - +2 hat
rElec  +         Spirit   .     t - +0 cloak {rPois}
rCorr  .         Warding  .     (gloves unavailable)
rMut   +         Stasis   .     (boots unavailable)
MR     +++++                    j - amulet of resist mutation
Stlth  +++++.....               m - ring of protection from magic
                                A - ring of Dikheihi {rC+ rN+}

@: lethally poisoned (-10 -> -11), regenerating, very quick, almost entirely
resistant to hostile enchantments, quite stealthy
A: unfitting armour, see invisible, herbivore 3, speed 3, slow metabolism 2,
spit poison 1, evolution 1
a: Spit Poison, Berserk, Trog's Hand, Brothers in Arms, Burn Spellbooks,
Renounce Religion
}: 1/15 runes: decaying


You were on level 2 of the Snake Pit.
You worshipped Trog.
Trog was exalted by your worship.
You were not hungry.

You visited 5 branches of the dungeon, and saw 32 of its levels.
You also visited: Ossuary, Bailey and Ice Cave.

You collected 3238 gold pieces.
You spent 1702 gold pieces at shops.

Inventory:

Hand Weapons
 a - a +11 quick blade of flaming
 b - the +10 hunting sling "Eroxtuuss" (weapon) {venom, Dex+4}
   (You found it in a bailey)

   It poisons the ammo it fires.
   It affects your dexterity (+4).
 O - the +2 hunting sling "Xoepn" {velocity, *Confuse rElec Int+6}
   (Trog gifted it to you on level 1 of the Swamp)

   Any stone fired from it inflicts extra damage.
   It affects your intelligence (+6).
   It insulates you from electricity.
   It may confuse you when you take damage.
Missiles
 f - 51 sling bullets of frost
 h - 18 poisoned sling bullets
 p - 5 steel sling bullets
 v - 133 sling bullets (quivered)
 E - 18 exploding sling bullets
 X - 587 stones
 Y - 31 sling bullets of flame
 Z - 4 throwing nets {=f, !d}
Armour
 i - a +0 mottled dragon armour
 t - a +0 cloak of poison resistance (worn)
 u - the +1 robe of Dithmenos's Envy (worn) {rElec rC+}
   (You took it off a yaktaur captain on level 13 of the Dungeon)

   It protects you from cold.
   It insulates you from electricity.
 K - the +3 robe "Cucwixt" {rC++ Regen+ Str-2 Stlth+}
   (You found it on level 6 of the Dungeon)

   It affects your strength (-2).
   It greatly protects you from cold.
   It increases your rate of regeneration.
   It makes you more stealthy.
 P - a +2 hat (worn)
 U - a +1 buckler of cold resistance (worn)
Jewellery
 j - an amulet of resist mutation (around neck)
 m - a ring of protection from magic (right hand)
 A - the ring of Dikheihi (left hand) {rC+ rN+}
   (You found it on level 11 of the Dungeon)

   [ring of positive energy]

   It protects you from cold.
   It protects you from negative energy.
 I - a +4 ring of evasion
 L - an uncursed ring of invisibility {unknown}
 V - the ring of Engewn {+Inv rF+ rC+++ rN+ Slay-3}
   (You took it off an orc in a bailey)

   [ring of protection from fire]

   It affects your accuracy and damage with ranged weapons and melee attacks
   (-3).
   It protects you from fire.
   It renders you almost immune to cold.
   It protects you from negative energy.
   It lets you turn invisible.
Wands
 r - a wand of digging (6)
 w - a wand of invisibility (5)
 Q - a wand of disintegration (15)
Scrolls
 e - 7 scrolls of immolation {!r}
 n - 11 scrolls of recharging
 q - 2 scrolls of silence {!r}
 B - 5 scrolls of blinking
 F - 13 scrolls of remove curse {@r2}
 J - 2 scrolls of fog
 M - 2 scrolls of magic mapping
 R - 3 scrolls of identify {@r1}
 S - 2 scrolls of summoning
 T - 13 scrolls of teleportation {!r, @r4}
 W - a scroll of holy word {unknown}
Potions
 d - 14 potions of curing {@q1}
 g - 4 potions of agility
 k - 5 potions of lignification {!q}
 l - 2 potions of might
 o - 3 potions of haste {!q, @q3}
 x - a potion of cancellation
 z - 3 potions of ambrosia {!q}
 C - 6 potions of heal wounds {!q, @q2}
 D - 4 potions of flight
 N - a potion of resistance
Books
 s - a book of Enchantments

   Spells                             Type                      Level
   a - Cause Fear                     Hexes                        4
   b - Silence                        Hexes/Air                    5
   c - Deflect Missiles               Charms/Air                   6
   d - Haste                          Charms                       6
   e - Discord                        Hexes                        8
   Trog disapproves of the use of such an item.
Miscellaneous
 y - a legendary deck of changes {the Alchemist}
Comestibles
 c - 12 bread rations {@e1}
 G - 13 fruits
 H - 9 slices of pizza


   Skills:
 + Level 14.3 Fighting
 * Level 12.2 Short Blades
 - Level 12.6 Slings
   Level 2.4 Crossbows
 + Level 21.8 Dodging
 + Level 9.0 Stealth
 - Level 7.5 Shields
 - Level 6.2 Evocations


You had 15 spell levels left.
You didn't know any spells.

Dungeon Overview and Level Annotations

Branches:
Dungeon (15/15)            Temple (0/1) D:6            Lair (7/8) D:11
  Swamp (4/4) Lair:5        Snake (2/4) Lair:6        Slime (0/6) Lair:7
    Orc (4/4) D:11            Elf (0/3) Orc:3        Vaults (0/5) D:13
 Depths (0/5) D:15

Altars:
Dithmenos
Elyvilon
Okawaru
Beogh
Jiyva

Shops:
D:6 %?   D:8 *   D:13 !   Orc:4 %}**

Annotations:
D:11 Goblin1989's ghost, journeyman DsHu
Lair:2 exclusion: hydra
Swamp:1 exclusion: Roxanne, Roxanne
Snake:2 Aizul


Innate Abilities, Weirdness & Mutations

You are tiny and cannot use many weapons and most armour.
You have supernaturally acute eyesight.
You are a herbivore.
You cover ground extremely quickly.
You need consume almost no food.
You can spit weak poison.
You evolve.


Message History

You feel sick.
Aizul coils himself and waves his upper body at you.
The bolt of poison hits you! You resist.
* * * LOW HITPOINT WARNING * * *
You take 12 damage, and have 2/93 hp.
* * * LOW HITPOINT WARNING * * *
You feel sick.
You take 1 damage, and have 1/93 hp.
Drink which item? (? for menu, Esc to quit)
You feel better.
You regained 9 hp, and now have 10/93 hp.
Unknown command.
Your skin crawls.
You feel resistant to hostile enchantments.
You feel slightly more hungry.
Aizul coils himself and waves his upper body at you.
The poison arrow hits you!
You are poisoned.
You partially resist.
You die...

█.......█ .........██ █....
█...Ψ...█ .........█ █...
█.......███........██ ...
███....███.......█████...█
██.██.....█...██........█
█...██..).▲...███.....███
██....███÷)█....█.........█
█.......█÷██...............
██.....███÷..@..............
█..███..█...................
█.██ ██...............(.....
███ █.....................


█████ █..S................... ....██ ██......................(
.....████......................(. ....................█.........(.█
....................██.......(.█ You could see Aizul.

Vanquished Creatures
  3 thorn hunters
  Maud (D:12)
  2 green draconians (Swamp:4)
  A vault guard (D:13)
  A fire dragon (D:13)
  The ghost of ololoev the Cleaver, a journeyman DsFi of Makhleb (Orc:4)
  A yaktaur captain (D:13)
  A ghost crab (shapeshifter) (D:14)
  17 hydras
  Harold (Lair:1)
  2 naga warriors
  3 centaur warriors (D:13)
  Erica (Lair:2)
  A ghost crab (Swamp:2)
  A catoblepas (D:15)
  4 anacondas
  12 alligators
  6 death yaks
  2 shock serpents (Snake:2)
  5 naga sharpshooters (Snake:1)
  4 orc high priests (Orc:4)
  Sonja (D:10)
  A salamander mystic (Snake:2)
  2 spriggan druids (Swamp:1)
  3 ice devils (IceCv)
  3 unseen horrors
  2 orc knights
  4 hill giants
  2 naga ritualists (Snake:2)
  A shambling mangrove (Swamp:3)
  2 wizards (D:15)
  Pikel (D:4)
  5 mana vipers
  2 deep elf conjurers (D:15)
  10 swamp dragons
  7 ugly things
  A cyclops (D:11)
  2 necromancers
  A hornet (Swamp:3)
  An orc sorcerer (Orc:4)
  A griffon (Lair:7)
  A salamander (Snake:1)
  7 elephants
  A manticore (D:12)
  Maurice (Orc:1)
  23 black mambas
  An ice statue (IceCv)
  4 naga magi
  4 centaur skeletons
  2 torpor snails
  2 gargoyles
  8 komodo dragons
  4 kobold demonologists
  2 fire drakes
  13 spiny frogs
  2 giant leeches
  6 trolls
  3 blue devils (IceCv)
  4 polar bears
  2 two-headed ogres
  9 slime creatures (D:14)
  3 bog bodies (Swamp:1)
  4 deep elf magi (D:10)
  A tarantella (Orc:2)
  2 wyverns (D:11)
  3 centaur simulacra
  6 spriggans
  A steam dragon (D:13)
  A redback (Orc:2)
  48 yaks
  A shadow (Swamp:4)
  17 wolves
  5 hippogriffs
  2 basilisks
  A warg (Orc:3)
  11 vampire mosquitoes
  3 nagas
  6 insubstantial wisps (Swamp:2)
  4 mottled dragons
  20 swamp worms
  The ghost of Sagittaire the Magician, an amateur DEFE (Ossuary)
  6 porcupines
  16 water moccasins
  18 swamp drakes
  4 wasps
  3 ice beasts
  3 sky beasts
  2 spiders (Orc:2)
  30 orc warriors
  2 black bears
  12 crocodiles
  2 slaves (D:4)
  5 ogres
  5 centaurs
  2 phantoms
  9 big kobolds
  20 giant frogs
  3 wights (D:12)
  3 scorpions
  A troll zombie (Ossuary)
  8 killer bees
  4 electric eels
  8 crimson imps
  4 draconian simulacra (IceCv)
  A quasit (D:6)
  A vampire bat (Lair:2)
  An iron imp (D:10)
  7 centaur zombies
  4 hounds
  5 giant frog skeletons
  26 orc priests
  Ijyb (D:3)
  6 jellies
  42 orc wizards
  15 worker ants
  15 iguanas
  3 troll simulacra (IceCv)
  A spriggan simulacrum (IceCv)
  31 sheep
  7 mummies (Ossuary)
  12 adders
  A naga simulacrum (IceCv)
  30 river rats
  A shadow imp (D:6)
  14 white imps
  An ufetubus (D:15)
  4 adder zombies (Ossuary)
  An adder skeleton (D:8)
  3 worms (D:2)
  A giant gecko (D:10)
  158 orcs
  5 ball pythons
  20 bats
  4 giant cockroaches
  A gnoll zombie (Ossuary)
  8 hobgoblins
  13 jackals
  6 quokkas
  A giant gecko skeleton (D:4)
  2 giant newts
  12 goblins
  4 goblin zombies (Ossuary)
  A jackal skeleton (D:5)
  24 kobolds
  4 kobold zombies (Ossuary)
  An orc zombie (Ossuary)
  A quokka skeleton (D:5)
  2 quokka zombies (Ossuary)
  9 rats
  8 rat zombies (Ossuary)
1049 creatures vanquished.

Vanquished Creatures (collateral kills)
  The ghost of Tobisume the Fencer, a journeyman DsFi of Qazlal (Lair:6)
  The ghost of p0werm0de the Severer, a journeyman DsCK of Xom (IceCv)
  The ghost of Goblin1989 the Martial Artist, a journeyman DsMo of Gozag (D:10)
  3 skeletal warriors (D:12)
  An orc knight (Bailey)
  An ice statue (IceCv)
  A gargoyle (D:11)
  3 blue devils (IceCv)
  A two-headed ogre (D:11)
  2 spriggans (Swamp:2)
  A deep elf mage (D:9)
  A yak (D:10)
  A water moccasin (Lair:6)
  2 orc warriors
  2 wasps (Swamp:2)
  A killer bee (D:7)
  3 adders
  5 orcs
31 creatures vanquished.

Vanquished Creatures (others)
  A swamp dragon (Swamp:4)
  A swamp worm (Swamp:2)
  A shadow imp (D:10)
  An orc (D:10)
  3 briar patches (Swamp:4)
  3 fungi
  A plant (Lair:6)
11 creatures vanquished.

Grand Total: 1091 creatures vanquished

Notes
Turn   | Place    | Note
--------------------------------------------------------------
     0 | D:1      | Goblin1989 the Spriggan Berserker began the quest for the Orb.
     0 | D:1      | Reached XP level 1. HP: 11/11 MP: 2/2
    55 | D:1      | Reached XP level 2. HP: 14/16 MP: 3/3
   598 | D:1      | Reached ** piety under Trog
  1368 | D:2      | Reached XP level 3. HP: 16/19 MP: 4/4
  1647 | D:2      | Reached skill level 5 in Short Blades
  1805 | D:2      | Reached XP level 4. HP: 13/23 MP: 5/5
  2028 | D:2      | Reached *** piety under Trog
  2482 | D:3      | Noticed Ijyb
  2487 | D:3      | Killed Ijyb
  2561 | D:3      | Reached skill level 6 in Short Blades
  2785 | D:3      | Reached XP level 5. HP: 14/27 MP: 6/6
  3364 | D:3      | Noticed a sky beast
  3382 | D:3      | Killed a sky beast
  3382 | D:3      | Reached skill level 7 in Short Blades
  3571 | D:4      | Reached XP level 6. HP: 32/32 MP: 7/7
  3639 | D:4      | Noticed a slave
  3751 | D:4      | Killed a slave
  3959 | D:4      | Reached skill level 8 in Short Blades
  4069 | D:4      | Noticed Pikel
  4075 | D:4      | Noticed a slave
  4075 | D:5      | Entered Level 5 of the Dungeon
  4416 | D:5      | Reached XP level 7. HP: 32/35 MP: 8/8
  4434 | D:5      | Reached **** piety under Trog
  4528 | D:5      | Reached skill level 9 in Short Blades
  4809 | D:6      | Found a white marble altar of Elyvilon.
  4979 | D:6      | Got a creamy pearl robe
  4990 | D:6      | Identified the +3 robe "Cucwixt" {rC++ Regen+ Str-2 Stlth+} (You found it on level 6 of the Dungeon)
  5019 | D:6      | Reached skill level 10 in Short Blades
  5124 | D:6      | Found a staircase to the Ecumenical Temple.
  5206 | D:6      | Found Lux Yxotz's Magic Scroll Boutique.
  5211 | D:6      | Bought a scroll of summoning for 114 gold pieces
  5211 | D:6      | Bought a scroll of identify for 24 gold pieces
  5211 | D:6      | Bought a scroll of identify for 24 gold pieces
  5211 | D:6      | Bought a scroll of identify for 24 gold pieces
  5239 | D:6      | Found a sand-covered staircase.
  5248 | Ossuary  | Entered an ossuary
  5270 | Ossuary  | Reached XP level 8. HP: 39/39 MP: 9/9
  5271 | Ossuary  | jacquesderrida: takc takc
  5271 | Ossuary  | jacquesderrida: chto tyt y nac
  5399 | Ossuary  | Noticed Sagittaire's ghost (amateur DEFE)
  5417 | Ossuary  | Killed Sagittaire's ghost
  5417 | Ossuary  | Reached skill level 5 in Dodging
  5462 | Ossuary  | Reached skill level 11 in Short Blades
  5787 | D:6      | Found Huleyriz's Food Boutique.
  6140 | D:7      | HP: 1/40 [killer bee (3)]
  6259 | D:7      | Reached XP level 9. HP: 38/45 MP: 10/10
  6634 | D:7      | Reached skill level 12 in Short Blades
  6645 | D:7      | Found an iron altar of Okawaru.
  7200 | D:8      | Found Icsoetso's General Store.
  7218 | D:8      | Bought a scroll of random uselessness for 13 gold pieces
  7218 | D:8      | Bought a potion of flight for 39 gold pieces
  7218 | D:8      | Bought a scroll of identify for 26 gold pieces
  7218 | D:8      | Bought a +0 cloak for 58 gold pieces
  7683 | D:9      | HP: 1/46 [deep elf mage/orb of energy (17)]
  8045 | D:9      | Reached skill level 5 in Fighting
  8059 | D:9      | Reached ***** piety under Trog
  8098 | D:9      | Gained mutation: You can spit weak poison. [potion of beneficial mutation]
  8177 | D:9      | Reached skill level 10 in Dodging
  8210 | D:9      | Noticed a two-headed hydra
  8217 | D:9      | Killed a two-headed hydra
  8217 | D:9      | Reached XP level 10. HP: 31/53 MP: 11/11
  8393 | D:10     | Entered Level 10 of the Dungeon
  8602 | D:10     | Noticed Sonja
  8697 | D:10     | Noticed Goblin1989's ghost (journeyman DsMo)
  8704 | D:10     | Killed Sonja
  8704 | D:10     | Reached skill level 13 in Dodging
  8712 | D:10     | Killed Goblin1989's ghost
  9459 | D:10     | Reached XP level 11. HP: 60/60 MP: 12/12
  9634 | D:11     | Got an ancient amber ring
  9636 | D:11     | Identified the ring of Dikheihi {rC+ rN+} (You found it on level 11 of the Dungeon)
  9642 | D:11     | Found a flagged portal.
  9651 | Bailey   | Entered a bailey
 10074 | Bailey   | Received a gift from Trog
 10173 | Bailey   | Reached skill level 1 in Crossbows
 10180 | Bailey   | Got a scintillating tin ring
 10245 | Bailey   | Got a fine hunting sling
 10246 | Bailey   | Identified the +10 hunting sling "Eroxtuuss" {venom, Dex+4} (You found it in a bailey)
 10849 | D:4      | Noticed a slave
 10857 | D:4      | Killed a slave
 10858 | D:4      | Noticed a slave
 10865 | D:4      | Killed Pikel
 10865 | D:4      | Reached skill level 14 in Dodging
 11921 | D:10     | Reached skill level 1 in Slings
 12077 | D:11     | Noticed Goblin1989's ghost (journeyman DsHu)
 12135 | D:10     | Noticed an unseen horror
 12164 | D:10     | Killed an unseen horror
 12198 | D:11     | Identified the ring of Engewn {+Inv rF+ rC+++ rN+ Slay-3} (You took it off an orc in a bailey)
 12421 | D:11     | Found a staircase to the Lair.
 12593 | D:11     | Reached skill level 5 in Slings
 12692 | D:11     | Found a staircase to the Orcish Mines.
 12706 | D:11     | Noticed a hill giant
 12717 | D:11     | Killed a hill giant
 12944 | D:12     | Reached skill level 15 in Dodging
 13063 | D:12     | Noticed Maud
 13105 | D:12     | Killed Maud
 13105 | D:12     | Reached XP level 12. HP: 67/67 MP: 13/13
 13161 | D:12     | Noticed an unseen horror
 13165 | D:12     | Killed an unseen horror
 13181 | D:12     | Received a gift from Trog
 13185 | D:12     | Noticed a four-headed hydra
 13201 | D:12     | Killed a four-headed hydra
 13252 | D:12     | Noticed a hill giant
 13265 | D:12     | Killed a hill giant
 13457 | D:12     | Noticed an unseen horror
 13471 | D:12     | Killed an unseen horror
 13789 | Lair:1   | Entered Level 1 of the Lair of Beasts
 13821 | Lair:1   | Identified a scroll of acquirement
 13894 | Lair:1   | Reached skill level 10 in Fighting
 14289 | Lair:1   | Noticed Harold
 14312 | Lair:1   | Killed Harold
 14312 | Lair:1   | Reached skill level 10 in Slings
 14312 | Lair:1   | Reached skill level 16 in Dodging
 14321 | Lair:1   | Received a gift from Trog
 14825 | Lair:2   | Noticed a four-headed hydra
 14832 | Lair:2   | Killed a four-headed hydra
 14846 | Lair:2   | Reached ****** piety under Trog
 14892 | Lair:2   | Noticed Erica
 14898 | Lair:2   | Killed Erica
 15066 | Lair:2   | Received a gift from Trog
 15226 | Lair:2   | Reached XP level 13. HP: 72/72 MP: 14/14
 15265 | Lair:2   | Noticed a seven-headed hydra
 15373 | Lair:2   | Received a gift from Trog
 15850 | Lair:3   | Reached skill level 1 in Shields
 16901 | Lair:4   | Gained mutation: You evolve. [potion of beneficial mutation]
 17102 | Lair:4   | Received a gift from Trog
 17633 | Lair:5   | Identified the Tome of the Unstable Rocks
 17876 | Lair:5   | Received a gift from Trog
 17882 | Lair:5   | Reached skill level 17 in Dodging
 18317 | Lair:5   | Received a gift from Trog
 18338 | Lair:5   | Reached skill level 1 in Stealth
 18601 | Lair:6   | Found a staircase to the Snake Pit.
 18668 | Lair:6   | Received a gift from Trog
 18673 | Lair:6   | Noticed Tobisume's ghost (journeyman DsFi)
 18797 | Lair:6   | Killed Tobisume's ghost
 18797 | Lair:6   | Reached skill level 5 in Shields
 18943 | Lair:6   | Reached XP level 14. HP: 79/79 MP: 15/15
 19019 | Lair:6   | Reached skill level 1 in Evocations
 19374 | Lair:6   | Received a gift from Trog
 19585 | Lair:7   | Received a gift from Trog
 20042 | Lair:7   | Found a viscous altar of Jiyva.
 20042 | Lair:7   | Found a staircase to the Slime Pits.
 20599 | Orc:1    | Entered Level 1 of the Orcish Mines
 21070 | Orc:2    | Received a gift from Trog
 21917 | Orc:1    | Noticed Maurice
 21939 | Orc:1    | Killed Maurice
 22060 | Orc:1    | Found a roughly hewn altar of Beogh.
 22459 | Orc:3    | Received a gift from Trog
 22498 | Orc:3    | Found a staircase to the Elven Halls.
 22723 | Orc:2    | Received a gift from Trog
 22962 | Orc:4    | Entered Level 4 of the Orcish Mines
 23113 | Orc:4    | Noticed ololoev's ghost (journeyman DsFi)
 23441 | Orc:4    | Received a gift from Trog
 23561 | Orc:4    | Killed ololoev's ghost
 23670 | Orc:4    | Found Zoczocle's General Store.
 23670 | Orc:4    | Found Doczejik's Food Shop.
 23690 | Orc:4    | Found Dalyer's General Store.
 23694 | Orc:4    | Found Lupeono's Gadget Shop.
 23708 | Orc:4    | Reached skill level 5 in Evocations
 23792 | Orc:4    | Bought a royal jelly for 22 gold pieces
 23792 | Orc:4    | Bought a bread ration for 55 gold pieces
 23792 | Orc:4    | Bought a bread ration for 55 gold pieces
 23792 | Orc:4    | Bought a slice of pizza for 16 gold pieces
 23792 | Orc:4    | Bought a royal jelly for 22 gold pieces
 23792 | Orc:4    | Bought a bread ration for 55 gold pieces
 23792 | Orc:4    | Bought a slice of pizza for 16 gold pieces
 24223 | Orc:4    | Bought an uncursed ring of protection from magic for 425 gold pieces
 24400 | D:13     | Reached skill level 18 in Dodging
 24591 | D:13     | Got an ebony dagger
 24592 | D:13     | Identified the cursed +0 dagger of Beyond {pierce, Int+5 Dex+4} (You found it on level 13 of the Dungeon)
 24917 | D:13     | Found Zatremou's Distillery.
 24922 | D:13     | Bought a potion of haste for 140 gold pieces
 24922 | D:13     | Bought a potion of berserk rage for 70 gold pieces
 24922 | D:13     | Bought a potion of haste for 140 gold pieces
 24922 | D:13     | Bought a potion of haste for 140 gold pieces
 24922 | D:13     | Bought a potion of curing for 42 gold pieces
 24922 | D:13     | Bought a potion of heal wounds for 70 gold pieces
 24922 | D:13     | Bought a potion of agility for 56 gold pieces
 24922 | D:13     | Bought a potion of might for 56 gold pieces
 25273 | D:13     | Reached skill level 5 in Stealth
 25291 | D:13     | Got a shimmering robe
 25302 | D:13     | Found a gate to the Vaults.
 25473 | D:14     | Received a gift from Trog
 25828 | D:14     | Reached XP level 15. HP: 84/84 MP: 19/19
 26135 | D:15     | Entered Level 15 of the Dungeon
 26144 | D:15     | Found a frozen archway.
 26193 | IceCv    | Entered an ice cave
 26193 | IceCv    | Noticed p0werm0de's ghost (journeyman DsCK)
 26250 | IceCv    | Killed p0werm0de's ghost
 26329 | IceCv    | Identified the +1 robe of Dithmenos's Envy {rElec rC+} (You took it off a yaktaur captain on level 13 of the Dungeon)
 27051 | D:15     | Received a gift from Trog
 27098 | D:15     | Found a shadowy altar of Dithmenos.
 27551 | D:15     | Found a staircase to the Depths.
 27744 | D:14     | Reached skill level 19 in Dodging
 28135 | Lair:5   | Found a staircase to the Swamp.
 28234 | Swamp:1  | Entered Level 1 of the Swamp
 28489 | Swamp:1  | Noticed Roxanne
 28685 | Swamp:1  | Received a gift from Trog
 28701 | Swamp:1  | Got a crystal hunting sling {god gift}
 28702 | Swamp:1  | Identified the +2 hunting sling "Xoepn" {velocity, *Confuse rElec Int+6} (Trog gifted it to you on level 1 of the Swamp)
 29647 | Swamp:2  | HP: 2/85 [spriggan rider/spear (25)]
 30627 | Swamp:3  | Noticed a thorn hunter
 30955 | Swamp:3  | Got a crystal dagger
 30956 | Swamp:3  | Identified the +7 dagger "Rontoe" {vamp, *Drain rC+ Int+4} (You found it on level 3 of the Swamp)
 31142 | Swamp:4  | Entered Level 4 of the Swamp
 31205 | Swamp:4  | Reached skill level 20 in Dodging
 31584 | Swamp:4  | Reached XP level 16. HP: 83/91 MP: 21/21
 31595 | Swamp:4  | Noticed a thorn hunter
 31671 | Swamp:3  | Killed a thorn hunter
 31768 | Swamp:3  | Killed a thorn hunter
 31783 | Swamp:3  | Received a gift from Trog
 32081 | Swamp:4  | Noticed a thorn hunter
 32101 | Swamp:3  | Received a gift from Trog
 32436 | Swamp:3  | Reached skill level 21 in Dodging
 32490 | Swamp:4  | Killed a thorn hunter
 32756 | Swamp:4  | Got a decaying rune of Zot
 32944 | Snake:1  | Entered Level 1 of the Snake Pit
 34559 | Snake:2  | Received a gift from Trog
 34909 | Snake:2  | Noticed Aizul
 34964 | Snake:2  | HP: 2/93 [Aizul/bolt of poison (12)]
 34972 | Snake:2  | Killed from afar by Aizul

Action                   |  1- 3 |  4- 6 |  7- 9 | 10-12 | 13-15 | 16-18 || total
-------------------------+-------+-------+-------+-------+-------+-------++-------
Melee: Short sword       |   116 |   137 |   464 |   513 |       |       ||  1230
       Quick blade       |       |       |       |       |  2153 |   341 ||  2494
 Fire: Hunting sling     |       |       |       |   365 |   588 |   342 ||  1295
Throw: Stone             |     9 |       |       |       |       |       ||     9
Invok: Brothers in Arms  |       |       |     2 |     6 |     5 |       ||    13
       Trog's Hand       |       |       |     1 |       |     1 |     1 ||     3
Evoke: Wand              |       |       |     3 |     4 |     1 |       ||     8
  Use: Scroll            |     6 |     3 |    10 |    13 |    13 |       ||    45
       Potion            |       |       |     5 |       |     1 |     1 ||     7
 Stab: Sleeping          |       |     3 |    18 |     9 |    58 |     4 ||    92
       Invisible         |       |       |     1 |       |       |       ||     1
       Distracted        |       |       |       |     1 |     5 |       ||     6
       Confused          |       |       |       |     1 |       |       ||     1
  Eat: Royal jelly       |       |       |     1 |       |       |     2 ||     3
       Pizza             |       |       |     1 |     2 |     2 |       ||     5
       Bread ration      |       |       |     1 |       |       |       ||     1
       Fruit             |       |       |       |       |    14 |       ||    14

Vault maps used:
D:1:      mrwooster_arrival_statue_2, minivault_25, bh_walls_and_bars
D:2:      first_bread, glass_columns_c, nrook_mini_vaults, serial_bayou_pond_c
D:3:      uniq_iyjb
D:4:      uniq_pikel
D:5:      kennysheep_flooded_box
D:6:      minmay_temple_entry_overgrown, nicolae_ossuary_entry_ruins,
          serial_shops, kennysheep_mini_moat, shop_fountains, elyvilon_altar_3
D:7:      marbit_many_paths
D:8:      serial_shops, nicolae_shop_trees, serial_glass, glass_columns_c,
          glass_columns_c, item_on_display_a, due_unseen_surprise,
          item_on_display_a
D:9:      hangedman_ranch
D:10:     grunt_ministairs_15, hangedman_minor_magic, uniq_sonja
D:11:     david_lair_generic, orc_0_dummy, enter_bailey_3
D:12:     uniq_maud
D:13:     david_vaults_5, serial_shops, shop
D:14:     minmay_misc_feat_doors
D:15:     grunt_enter_depths_magical_seal, serial_ice, serial_ice_d,
          serial_ice_b, serial_ice_c, serial_ice_e, serial_ice_g,
          portal_ice_cave_entry_imps, nicolae_dithmenos_shadow_blocks
Lair:1:   grunt_forest_small_clearings, uniq_harold
Lair:2:   roderic_batcave, serial_bayou_lake_a, lemuel_fruit_tree, uniq_erica
Lair:5:   nicolae_swamp_entry_splash_gauntlet, serial_bayou_pond_b
Lair:6:   minmay_snake_entry_six_corridors
Lair:7:   slime_altar_1, grunt_forest_stairs_clearing, serial_bayou_shore_a
Swamp:1:  evilmike_swamp_ruin_house_2, uniq_roxanne
Swamp:2:  hangedman_swamp_cone
Swamp:3:  evilmike_swamp_ruin_house_1, swamp_pool5
Swamp:4:  swamp, swamp_pool2, nicolae_swamp_godswood, hangedman_swamp_dais
Snake:2:  nicolae_cobra_stairs, nrook_loot_triangle,
          nicolae_snake_salamander_stairs, grunt_megastairs_4, uniq_aizul,
          uniq_kirke
Orc:1:    basic_altar, uniq_maurice
Orc:2:    nicolae_orc_accident_3, nicolae_orc_stony_grotto
Orc:3:    nicolae_orc_pool_cavern
Orc:4:    st_orc_mages
Ossuary:  ossuary_boxes_badplayer
Bailey:   bailey_polearm_2, bailey
IceCv:    ice_cave_tombish
